AoeStats
← yvetteabernathydam

Nomad

510904398Analyzed
2v2 RM · 11h ago on Oct 3, 2026· 24m 12s· 4 players
Game mode
Random Map
Map size
176×176
Population
200
Speed
Normal
Resources
Standard
Victory
Conquest
Starting age
Dark Age
Ending age
Imperial Age
RankedLock teamsTeams togetherTeam positionsShared explorationLock speedFull tech treeHidden civsTurbo modeCheats
Victory
Defeat
🇨🇱 Spanish · Chile
1369
+11
🇨🇳 Koreans · China
1292
+30
🇨🇦 Spanish · Canada
1249
-12
🇨🇦 Huns · Canada
1243
-12
yvetteabernathydam
2:50 Loom
14:15 Feudal Age
18:12 Castle Age
16:27 Double-Bit Axe
17:25 Fletching
19:05 Bodkin Arrow
21:48 Stone Mining
21:50 Gold Mining
24:05 Ballistics
24:15 Bow Saw
Rodrigo
5:27 Loom
14:27 Feudal Age
20:13 Castle Age
23:23 Medium Warships
23:05 Fishing Lines
arbalester
4:38 Loom
15:29 Feudal Age
19:08 Castle Age
17:10 Stone Mining
17:11 Double-Bit Axe
17:47 Gold Mining
17:50 Stone Mining
17:53 Gold Mining
22:00 Fishing Lines
sunshineandrainbows
3:13 Loom
13:23 Feudal Age
17:18 Fletching
20:47 Castle Age
23:27 Bodkin Arrow
Connection lost

Rejoining the realm…

Still unreachable

The connection could not be restored.

Session expired

The server has moved on; the page needs a fresh start.